 Dungeon Crawl Stone Soup version 0.31-a0-1308-ga3cce3a448 (webtiles) character file.

Game seed: 12793757851526039280

1031 Ekaitz the Firebug (level 8, -1/57 HPs)
             Began as a Demonspawn Fire Elementalist on Dec 20, 2023.
             Was a Follower of Uskayaw.
             Killed from afar by an electric eel (13 damage)
             ... with a bolt of electricity
             ... on level 6 of the Dungeon.
             The game lasted 00:09:26 (5576 turns).

Ekaitz the Firebug (Demonspawn Fire Elementalist)   Turns: 5576, Time: 00:09:27

Health: -1/57      AC:  5    Str:  9    XL:     8   Next: 3%
Magic:  7/13       EV: 13    Int: 18    God:    Uskayaw [*.....]
Gold:   152        SH:  0    Dex: 19    Spells: 4/13 levels left

rFire   . . .        i - +1 halberd (protect)
rCold   . . .        (shield currently unavailable)
rNeg    + . .        u - +2 robe {rN+}
rPois   .            (helmet restricted)
rElec   .            (no cloak)
rCorr   .            (no gloves)
SInv    .            s - +0 pair of boots
Will    .....        (no amulet)
Stlth   ++           h - +6 ring of dexterity
HPRegen 0.29/turn    (no ring)
MPRegen 0.13/turn

%: no passive effects
@: no status effects
A: hooves 1, horns 2, weakness stinger 1
a: Renounce Religion, Stomp


You were on level 6 of the Dungeon.
You worshipped Uskayaw.
Uskayaw was noncommittal.
You visited 2 branches of the dungeon, and saw 7 of its levels.

You collected 262 gold pieces.
You spent 110 gold pieces at shops.

Inventory:

Hand Weapons
 i - a +1 halberd of protection (weapon)
Missiles
 l - 17 poisoned darts
Armour
 s - a +0 pair of boots (worn)
 u - a +2 robe of positive energy (worn)
Jewellery
 h - a +6 ring of dexterity (left hand)
Scrolls
 d - 8 scrolls of identify {unknown}
 g - a scroll of torment {unknown}
 j - 2 scrolls of fear {unknown}
 k - 4 scrolls of poison {unknown}
 m - a scroll of acquirement {unknown}
 n - 2 scrolls of fog {unknown}
 o - 4 scrolls of amnesia {unknown}
 p - 7 scrolls of teleportation {unknown}
 r - 3 scrolls of enchant armour {unknown}
 t - a scroll of noise {unknown}
 v - a scroll of revelation {unknown}
 x - a scroll of blinking {unknown}
Potions
 a - a potion of ambrosia {unknown}
 b - a potion of magic
 c - 3 potions of curing
 e - 2 potions of lignification {unknown}
 f - a potion of berserk rage {unknown}
 q - 2 potions of attraction {unknown}
 w - a potion of heal wounds {unknown}
 z - a potion of invisibility {unknown}


   Skills:
 * Level 2.7 Fighting
 + Level 1.7 Polearms
 * Level 3.2 Dodging
 + Level 2.3 Stealth
 + Level 3.4 Spellcasting
 * Level 3.3 Conjurations
 * Level 2.3 Hexes
 * Level 2.5 Translocations
 * Level 5.0 Fire Magic


You had 4 spell levels left.
You knew the following spells:

 Your Spells              Type           Power      Damage    Failure   Level
a - Foxfire               Conj/Fire      72%        2x1d7     2%          1
b - Scorch                Fire           42%        2d6       3%          2
c - Volatile Blastmotes   Fire/Tloc      32%        2d12      10%         3
i - Inner Flame           Hex/Fire       16%        N/A       11%         3

Your spell library contained the following spells:

 Spells                   Type           Power      Damage    Failure   Level
 Jinxbite                 Hex            22%        N/A       9%          2
 Ensorcelled Hibernation  Hex/Ice        14%        N/A       14%         2
 Freeze                   Ice            12%        1d3       16%         1
 Tukima's Dance           Hex            11%        N/A       19%         3
 Hailstorm                Conj/Ice       9%         3d6       24%         3
 Summon Guardian Golem    Hex/Summ       7%         N/A       28%         3
 Flame Wave               Conj/Fire      18%        2d7       28%         4
 Frozen Ramparts          Ice            6%         1d1       43%         3
 Passage of Golubria      Tloc           12%        N/A       50%         4
 Anguish                  Hex/Necr       3%         N/A       67%         4
 Yara's Violent Unravell  Hex/Tmut       3%         3d4       95%         5
 Orb of Destruction       Conj           7%         9d6       100%        7
 Spellforged Servitor     Conj/Summ      4%         N/A       100%        7


Dungeon Overview and Level Annotations

Branches:
Dungeon (6/15)             Temple (1/1) D:6

Altars:
Ashenzari
Dithmenos
Fedhas
Hepliaklqana
Kikubaaqudgha
Nemelex Xobeh
Okawaru
Ru
Sif Muna
Trog
Uskayaw
Vehumet
Wu Jian

Shops:
D:3 *   D:4 *


Innate Abilities, Weirdness & Mutations

You have large cloven feet.
You have a pair of horns on your head.
You have a small tail.


Message History

Flames lash the steam dragon.
The steam dragon is almost dead.
The steam dragon's fire resistance burns away.
The foxfire hits the steam dragon.
The steam dragon is burned terribly!
The steam dragon is almost dead.
The foxfire hits the steam dragon.
The steam dragon is burned terribly!
You kill the steam dragon!
Uskayaw will force your foes to helplessly watch your dance.
Your Fire Magic skill increases to level 5!
You have reached level 8!
You feel stronger.
Your demonic ancestry asserts itself...
The horns on your head grow some more.
You can no longer pass through a line of other dancers.
You hear the brisk hiss of a very distant avalanche of sand.
You hear the slow rusting of a distant drain.
An electric eel comes into view.
Found a ring mail.
The electric eel shoots out a bolt of lightning at you!
The bolt of electricity hits you.
You are too injured to fight recklessly!
Casting: Scorch (safe; 3% risk of failure)
Confirm with . or Enter, or press ? or * to list all spells.
You conjure some foxfire!
The electric eel shoots out a bolt of lightning at you!
The bolt of electricity hits you!
* * * LOW HITPOINT WARNING * * *
Unknown command.
Casting: Foxfire (safe; 2% risk of failure)
Confirm with . or Enter, or press ? or * to list all spells.
You conjure some foxfire!
The electric eel shoots out a bolt of lightning at you!
The bolt of electricity hits your foxfire! x2
The bolt of electricity hits you!
You die...

+..........#
#######.#### ###.##
## #....# #.# #....#
..# #....# ..# ###.##
[.#
#..####.###+##..##
........@v.......#
.......§§v.......#
###..####§v§v#≈≈≈≈≈≈≈
#.. #####S≈≈≈≈≈≈≈ ...
≈###≈≈## ... ≈# ≈≈#
... ≈# ≈# ≈≈ ≈


You could see an electric eel (ally target).

Vanquished Creatures
  A steam dragon (D:6)
  A water moccasin (D:6)
  2 ogres (D:5)
  3 scorpions
  2 jellies (D:5)
  2 hounds (D:5)
  An orc priest (D:4)
  2 orc wizards (D:4)
  3 gnolls (D:2)
  6 adders
  A white imp (D:5)
  4 ufetubi
  4 dart slugs
  3 worms
  18 orcs
  3 ball pythons
  8 bats
  8 endoplasms
  4 giant cockroaches
  4 hobgoblins
  10 jackals
  4 quokkas
  2 frilled lizards
  7 kobolds
  4 rats
107 creatures vanquished.

Vanquished Creatures (others)
  A howler monkey (D:6)
  An ufetubus (D:6)
  272 foxfires
274 creatures vanquished.

Grand Total: 381 creatures vanquished

Notes
Turn   | Place    | Note
-------+----------+-------------------------------------------
     0 | D:1      | Ekaitz the Demonspawn Fire Elementalist began the quest for
                  | the Orb.
     0 | D:1      | Reached XP level 1. HP: 13/13 MP: 3/3
   294 | D:1      | Reached skill level 3 in Fire Magic
   333 | D:1      | Discovered your monstrous ancestry.
   333 | D:1      | Gained mutation: You have a pair of small horns on your
                  | head. [demonic ancestry]
   333 | D:1      | Reached XP level 2. HP: 12/19 MP: 0/5
   336 | D:1      | Learned a level 2 spell: Scorch
   463 | D:1      | Found a faded altar of an unknown god.
  1029 | D:2      | Reached XP level 3. HP: 25/25 MP: 2/6
  1033 | D:2      | Learned a level 3 spell: Volatile Blastmotes
  1303 | D:2      | Gained mutation: You have large cloven feet. [demonic
                  | ancestry]
  1303 | D:2      | Reached XP level 4. HP: 31/31 MP: 0/7
  1451 | D:2      | Reached skill level 1 in Fighting
  1900 | D:2      | Reached skill level 1 in Translocations
  2408 | D:3      | Found Tozxeawk's Assorted Antiques.
  2425 | D:3      | Bought a scroll labelled JUTSETH WUCABB for 16 gold pieces
  2425 | D:3      | Bought a scroll labelled USONAA QATA for 16 gold pieces
  2425 | D:3      | Bought a scroll labelled JUTSETH WUCABB for 16 gold pieces
  2425 | D:3      | Bought a clear potion for 14 gold pieces
  2425 | D:3      | Bought 3 scrolls labelled XOMPOEGIHE for 48 gold pieces
  2911 | D:4      | Noticed a scorpion
  2914 | D:3      | Reached XP level 5. HP: 26/37 MP: 3/8
  2960 | D:4      | Found Sowoefremni's Neck Hole.
  3102 | D:4      | Reached skill level 4 in Fire Magic
  3104 | D:4      | Reached skill level 1 in Polearms
  3104 | D:4      | Gained mutation: You have a small tail. [demonic ancestry]
  3104 | D:4      | Reached XP level 6. HP: 15/44 MP: 0/9
  3259 | D:4      | Reached skill level 1 in Hexes
  3700 | D:4      | Learned a level 3 spell: Inner Flame
  4082 | D:5      | Entered Level 5 of the Dungeon
  4410 | D:5      | Reached XP level 7. HP: 50/50 MP: 4/11
  5372 | D:6      | Found a staircase to the Ecumenical Temple.
  5377 | D:6      | Noticed a steam dragon
  5381 | Temple   | Entered the Ecumenical Temple
  5450 | Temple   | Became a worshipper of Uskayaw the Reveller
  5525 | D:6      | Reached * piety under Uskayaw
  5528 | D:6      | Reached ** piety under Uskayaw
  5532 | D:6      | Killed a steam dragon
  5532 | D:6      | Reached *** piety under Uskayaw
  5533 | D:6      | Reached skill level 5 in Fire Magic
  5533 | D:6      | Gained mutation: You have a pair of horns on your head.
                  | [demonic ancestry]
  5533 | D:6      | Reached XP level 8. HP: 14/57 MP: 3/13
  5576 | D:6      | Killed from afar by an electric eel

Illustrated notes

Levels and vault maps discovered:
D:1:      dpeg_arrival_round_b, layout_loops_ring,
          ebering_ecumenical_altar_abandoned
D:2:      layout_basic, minivault_14, minmay_pentomino_pile
D:3:      minmay_door_path, layout_loops_ring, serial_shops, nicolae_shop_stone,
          minmay_misc_feat_five
D:4:      layout_basic, nicolae_shop_sticking_my_neck_out
D:5:      layout_basic
D:6:      layout_gridville, minmay_temple_entry_glass,
          nicolae_ossuary_entry_catacombs, portal_sewer_entry_d, st_stairs_9,
          hangedman_glass_teeth, water_boxes_lemuel, uniq_menkaure
Temple:   minmay_temple_bridge_d

Skill      XL: |  1  2  3  4  5  6  7 |
---------------+----------------------+-----
Fire Magic     | 3 4 5 |  5.0
Dodging        | 2 3 |  3.2
Fighting       | 1 2 |  2.7
Conjurations   | 2 3 |  3.3
Translocations | 1 2 |  2.5
Stealth        | 2 |  2.3
Polearms       | 1 |  1.7
Hexes          | 1 2 |  2.3
Spellcasting   | 3 |  3.4

Action                     |  1- 3 |  4- 6 |  7- 9 || total
---------------------------+-------+-------+-------++-------
  Melee: Halberd           |       |    69 |    17 ||    86
         Kick              |       |     4 |       ||     4
         Headbutt          |       |     9 |     3 ||    12
         Tailslap          |       |     2 |     4 ||     6
   Cast: Foxfire           |    49 |    78 |    34 ||   161
         Scorch            |     3 |    16 |     9 ||    28
    Use: Potion            |       |     1 |       ||     1
   Stab: Sleeping          |       |     6 |       ||     6
         Distracted        |       |     1 |       ||     1
 Armour: Robe              |    19 |    46 |    57 ||   122
  Dodge: Dodged            |    40 |    63 |    60 ||   163

Table legend: (Time is in decaauts)
 A = Elapsed time spent in this place.
 B = Non-inter-level travel time spent in this place.
 C = Inter-level travel time spent in this place.
 D = Time resting spent in this place.
 E = Time spent auto-exploring this place.
 F = Levels seen in this place.
 G = Mean time per level.
                   A        B        C        D        E       F      G
               +--------+--------+--------+--------+--------+-----+--------+
         Total |   5614 |   5199 |    415 |    188 |   4157 |   7 |  802.0 |
       Dungeon |   5476 |   5198 |    278 |    188 |   4157 |   6 |  912.7 |
        Temple |    138 |      1 |    137 |      0 |      0 |   1 |  138.0 |
               +--------+--------+--------+--------+--------+-----+--------+

Top non-repeatable levels by time:
     D:5: 1274 daAuts
     D:2: 1150 daAuts
     D:3: 1068 daAuts
     D:4: 982 daAuts
     D:1: 905 daAuts
  Temple: 138 daAuts
     D:6: 96 daAuts
